 Dungeon Crawl Stone Soup version 0.29-a0-334-gb41bcbb86e (webtiles) character file.

Game seed: 2107615307662592289

21 zeratav the Grasshopper (level 2, -1/26 HPs)
             Began as a Gnoll Warper on Apr 15, 2022.
             Slain by a gnoll
             ... wielding a +0 spear
              (5 damage)
             ... on level 2 of the Dungeon.
             The game lasted 00:01:36 (1363 turns).

zeratav the Grasshopper (Gnoll Warper)              Turns: 1363, Time: 00:01:36

Health: -1/26      AC:  4    Str: 10    XL:     2   Next: 87%
Magic:  16/16      EV: 16    Int: 12    God:
Gold:   70         SH:  0    Dex: 11    Spells: 10/10 levels left

rFire   . . .      SeeInvis .   a - +0 hand axe {axe}
rCold   . . .      Faith    .   (no shield)
rNeg    . . .      Spirit   .   b - +0 leather armour
rPois   .          Reflect  .   i - +0 helmet
rElec   .          Harm     .   (no cloak)
rCorr   .          Rampage  .   (no gloves)
Will    .....                   (no boots)
Stlth   +.........              (no amulet)
HPRegen 0.08/turn               e - +4 ring of evasion
MPRegen 0.15/turn               n - ring of magical power

@: no status effects
A: fangs 1, strong nose, distributed training
a: no special abilities


You were on level 2 of the Dungeon.
You visited 1 branch of the dungeon, and saw 2 of its levels.

You collected 70 gold pieces.


Innate Abilities, Weirdness & Mutations

You have very sharp teeth.
Your uncanny sense of smell can sniff out nearby items.
Your experience applies equally to all skills.


   Skills:
 + Level 4.5 Fighting
 + Level 0.5 Short Blades
 + Level 0.5 Long Blades
 + Level 4.5 Axes
 + Level 0.5 Maces & Flails
 + Level 0.5 Polearms
 + Level 0.5 Staves
 + Level 0.5 Slings
 + Level 0.5 Bows
 + Level 0.5 Crossbows
 + Level 2.5 Throwing
 + Level 2.5 Armour
 + Level 4.5 Dodging
 + Level 0.5 Stealth
 + Level 0.5 Shields
 + Level 0.5 Unarmed Combat
 + Level 4.9 Spellcasting
 + Level 0.4 Conjurations
 + Level 0.4 Hexes
 + Level 0.4 Summonings
 + Level 0.4 Necromancy
 + Level 5.4 Translocations
 + Level 0.4 Transmutations
 + Level 0.4 Fire Magic
 + Level 0.4 Ice Magic
 + Level 0.4 Air Magic
 + Level 0.4 Earth Magic
 + Level 0.4 Poison Magic
 + Level 0.7 Invocations
 + Level 0.5 Evocations


You had 10 spell levels left.
You didn't know any spells.
Your spell library contained the following spells:

 Spells                   Type           Power      Damage    Failure   Level
 Blink                    Tloc           30%        N/A       4%          2
 Gell's Gravitas          Tloc           15%        N/A       9%          3
 Lesser Beckoning         Tloc           15%        N/A       9%          3
 Teleport Other           Tloc           15%        N/A       9%          3
 Portal Projectile        Hex/Tloc       18%        N/A       24%         3
 Call Canine Familiar     Summ           3%         N/A       56%         3
 Manifold Assault         Tloc           15%        N/A       63%         5
 Leda's Liquefaction      Hex/Erth       1%         N/A       92%         4

Inventory:

Hand Weapons
 a - a +0 hand axe (weapon) {axe}
Missiles
 d - 7 boomerangs of dispersal (quivered) {=fthrowing}
Armour
 b - a +0 leather armour (worn)
 i - a +0 helmet (worn)
   (You found it on level 1 of the Dungeon)
 k - a +0 scale mail
   (You found it on level 1 of the Dungeon)
Jewellery
 e - a +4 ring of evasion (left hand)
   (You found it on level 1 of the Dungeon)
 n - a ring of magical power (right hand)
   (You found it on level 2 of the Dungeon)
Scrolls
 c - a scroll of blinking {!r}
 h - a scroll of acquirement {unknown}
 o - a scroll of identify {unknown}
Potions
 f - a potion of brilliance {unknown}
 g - 2 potions of degeneration {unknown}
 j - a potion of curing {unknown}
 l - a potion of haste {unknown}
 m - a potion of attraction {unknown}
 p - a potion of mutation {unknown}

Dungeon Overview and Level Annotations

Branches:
Dungeon (2/15)

Altars:

Annotations:
D:2 Sigmund

#...........
#.####.#.....####
..............#
##.####.......#
####.#.## ###.#
#.# #[# #@# #g#


#gg .r.. ...## ..... ∆ #...# ...## You could see 3 gnolls and a rat.


Message History

The giant cockroach completely misses you.
You hit the giant cockroach. The giant cockroach barely misses you.
You hit the giant cockroach but do no damage.
The giant cockroach misses you.
You hit the giant cockroach.
You kill the giant cockroach!
No target in view!
No target in view!
No target in view!
No target in view!
No target in view!
No target in view!
No target in view!
No target in view!
No target in view!
No target in view!
No target in view!
No target in view!
No target in view!
No target in view!
No target in view!
No target in view!
No target in view!
You now have 70 gold pieces (gained 14).
Found a stone staircase leading up.
There is a stone staircase leading up here.
Sigmund the Dreaded comes into view.
He is wielding a +0 scythe of venom.
Sigmund shouts!
Sigmund points at you and mumbles some strange words.
The magic dart hits you.
HP[-5]
You take 5 damage, and now have 21/26 hp.
Sigmund gestures at you while chanting. The puff of flame hits you!
HP[-7]
You take 7 damage, and now have 14/26 hp.
MASSIVE DAMAGE!! (PAUSE) Sigmund gestures at you while chanting.
You are confused.
There is a stone staircase leading up here.
Sigmund gestures at you while chanting. The magic dart hits you!
* * * LOW HITPOINT WARNING * * *
You climb upwards.
There is a stone staircase leading down here.
HP[-9]
You take 9 damage, and now have 5/26 hp.
MASSIVE DAMAGE!! (PAUSE)
You start resting.
You feel less confused.
HP[+21]
Your hp is fully restored (26).
You start waiting.
Done waiting.
Okay, then.
There is a stone staircase leading down here.
You climb downwards.
Level annotation: Sigmund
There is a stone staircase leading up here.
You open the door.
There is an open door here.
A gnoll comes into view. It is wielding a +0 flail.
The gnoll shouts!
You hear a shout!
A gnoll comes into view. It is wielding a +0 flail.
You don't know any spells.
Sorry, you're not good enough to have a special ability.
A gnoll comes into view. It is wielding a +0 spear.
The gnoll shouts!
You see here a +0 robe.
The gnoll barely misses you.
You closely miss the gnoll.
The gnoll hits you from afar with a +0 spear.
The gnoll hits you with a +0 flail.
A rat comes into view.
HP[-10]
You take 10 damage, and now have 16/26 hp.
MASSIVE DAMAGE!! (PAUSE)
You hit the gnoll but do no damage. The gnoll closely misses you.
The gnoll barely misses you.
HP[+1]
You barely miss the gnoll. The gnoll completely misses you.
The gnoll barely misses you.
You hit the gnoll. You bite the gnoll, but do no damage.
The gnoll closely misses you. x2
You hit the gnoll. You bite the gnoll. The gnoll closely misses you.
The gnoll hits you with a +0 flail!
* * * LOW HITPOINT WARNING * * *
HP[-7]
You take 7 damage, and now have 10/26 hp.
MASSIVE DAMAGE!! (PAUSE)
You hit the gnoll.
The gnoll hits you from afar with a +0 spear.
* * * LOW HITPOINT WARNING * * *
The gnoll closely misses you.
HP[-6]
You take 6 damage, and now have 4/26 hp.
MASSIVE DAMAGE!! (PAUSE)
You hit the gnoll but do no damage. You bite the gnoll, but do no damage.
The gnoll hits you from afar with a +0 spear.
You die...

Action                   || total
-------------------------++-------
Melee: Hand axe          ||    60
       Bite              ||     5
Armor: Leather armour    ||    15
Dodge: Dodged            ||    62

Levels and vault maps discovered:
D:1:      nicolae_arrival_washed_ashore, layout_rooms, grunt_decor_resistance
D:2:      layout_loops_corners, hex_large, grunt_decor_fettered, uniq_sigmund

Notes
Turn   | Place    | Note
-------+----------+-------------------------------------------
     0 | D:1      | zeratav the Gnoll Warper began the quest for the Orb.
     0 | D:1      | Reached XP level 1. HP: 20/20 MP: 6/6
     0 | D:1      | magus.rc [v1.9.6]
   199 | D:1      | Reached XP level 2. HP: 25/26 MP: 7/7
   888 | D:2      | You pick up a book of the Hunter and begin reading...
   888 | D:2      | You add the spells Call Canine Familiar, Portal Projectile
                  | and Leda's Liquefaction to your library.
   935 | D:2      | Noticed Sigmund
   942 | D:2      | HP: 5/26 [Sigmund/magic dart (9)]
  1362 | D:2      | HP: 4/26 [gnoll/+0 spear (6)]
  1363 | D:2      | Slain by a gnoll

Vanquished Creatures
  An endoplasm (D:1)
  2 giant cockroaches
  A goblin (D:1)
  3 hobgoblins
  2 quokkas (D:1)
  2 ball pythons
  5 bats
  3 frilled lizards (D:1)
  A kobold (D:1)
20 creatures vanquished.

Table legend:
 A = Non-vault XP
 B = Vault XP
 C = Vault XP percentage of total XP
 D = Non-vault monster count
 E = Vault monster count
 F = Vault count percentage of total count
                 A         B        C        D         E       F
            +---------+---------+-------+---------+---------+-------
      Total |      31 |       0 |   0.0 |      20 |       0 |   0.0
            +---------+---------+-------+---------+---------+-------
        D:1 |      22 |       0 |   0.0 |      15 |       0 |   0.0
        D:2 |       9 |       0 |   0.0 |       5 |       0 |   0.0
            +---------+---------+-------+---------+---------+-------

Illustrated notes

Table legend:
 A = Kills in this place as a percentage of kills in entire the game.
 B = Kills by you in this place as a percentage of kills by you in the entire game.
 C = Kills by friends in this place as a percentage of kills by friends in the entire game.
 D = Other kills in this place as a percentage of other kills in the entire game.
 E = Experience gained in this place as a percentage of experience gained in the entire game.
 F = Experience gained in this place divided by the number of levels of this place that you have seen.
                   A       B       C       D       E      F
               +-------+-------+-------+-------+-------+----------------------
         Total | 100.0 | 100.0 |   N/A |   N/A | 100.0 |  15.5
       Dungeon | 100.0 | 100.0 |   N/A |   N/A | 100.0 |  15.5
               +-------+-------+-------+-------+-------+----------------------

Table legend: (Time is in decaauts)
 A = Elapsed time spent in this place.
 B = Non-inter-level travel time spent in this place.
 C = Inter-level travel time spent in this place.
 D = Time resting spent in this place.
 E = Time spent auto-exploring this place.
 F = Levels seen in this place.
 G = Mean time per level.
                   A        B        C        D        E       F      G
               +--------+--------+--------+--------+--------+-----+--------+
         Total |   1367 |   1291 |     76 |    353 |    782 |   2 |  683.5 |
       Dungeon |   1367 |   1291 |     76 |    353 |    782 |   2 |  683.5 |
               +--------+--------+--------+--------+--------+-----+--------+

Top non-repeatable levels by time:
     D:1: 1065 daAuts
     D:2: 302 daAuts
